Map: Blueshift LE

Players

Serral - Winner!

  • Race: Zerg Zerg
  • Spawn Location: 1:00

Stats

  • Race: Protoss Protoss
  • Spawn Location: 7:00

Event: 2018 WCS Global Finals

VOD

https://www.youtube.com/watch?v=h0UBfmOJYO4

Description

Time

  • Played on: Nov. 3, 2018, 7:08 p.m.
  • Length: 13:11

All games in this series

Show
View Real Time Build Order
Export as new Build Order

Serral Zerg - Winner!

Build Orders: Hatch First, Swarm Host 

Get SALT Encoding   

  12  0:00  Drone  
  13  0:12  Overlord  
  13  0:16  Drone  
  14  0:30  Drone x2  
  16  0:47  Drone  
  17  0:55  Hatchery  
  17  0:56  Drone  
  17  0:57  Drone  
  18  1:04  Extractor  
  17  1:12  Spawning Pool  
  17  1:15  Drone  
  17  1:21  Drone  
  18  1:27  Drone  
  19  1:38  Drone  
  20  1:48  Overlord  
  20  1:58  Queen  
  22  2:05  Metabolic Boost  
  22  2:06  Queen  
  22  2:07  Zergling x2  
  22  2:08  Zergling x2  
  26  2:12  Drone  
  27  2:18  Drone  
  28  2:23  Drone  
  29  2:30  Drone  
  29  2:34  Zergling x2  
  31  2:43  Hatchery  
  30  2:46  Queen  
  32  2:55  Overlord  
  32  2:58  Drone x2  
  33  2:59  Zergling x2  
  33  3:02  Zergling x2  
  35  3:13  Overlord  
  35  3:15  Zergling x2  
  35  3:16  Zergling x2  
  35  3:17  Drone x2  
  39  3:22  Drone  
  39  3:24  Drone  
  39  3:35  Drone x2  
  39  3:37  Spore Crawler  
  40  3:43  Drone x3  
  42  3:50  Spore Crawler, Zergling x4  
  38  3:56  Zergling x2  
  38  3:58  Zergling x2  
  40  4:08  Zergling x2  
  40  4:09  Zergling x6  
  42  4:14  Spore Crawler  
  41  4:17  Drone x3  
  41  4:23  Drone x2  
  44  4:28  Drone x2  
  44  4:30  Drone  
  47  4:34  Overlord  
  47  4:36  Drone x2  
  49  4:40  Drone  
  49  4:41  Drone  
  49  4:43  Drone  
  51  4:46  Drone  
  51  4:50  Drone  
  51  4:51  Roach Warren  
  52  4:52  Drone  
  52  4:54  Drone  
  52  4:56  Drone  
  52  4:57  Drone  
  52  4:59  Drone  
  54  5:01  Drone, Extractor  
  54  5:03  Extractor  
  54  5:05  Drone  
  54  5:07  Drone x2  
  54  5:09  Drone  
  54  5:10  Drone  
  54  5:11  Drone  
  54  5:13  Drone  
  60  5:15  Drone  
  60  5:18  Overlord  
  60  5:21  Drone x2  
  60  5:22  Drone  
  60  5:25  Overlord  
  60  5:27  Drone x2  
  65  5:32  Lair  
  65  5:34  Overlord  
  65  5:35  Extractor  
  64  5:45  Drone x3  
  64  5:46  Roach x3  
  64  5:47  Overlord  
  73  5:51  Overlord  
  72  5:59  Roach x4  
  72  6:03  Overlord  
  80  6:08  Queen x2  
  84  6:12  Roach x2  
  84  6:18  Roach x3  
  94  6:25  Overlord x2  
  94  6:26  Roach x2  
  94  6:32  Overseer  
  98  6:33  Glial Reconstitution  
  98  6:34  Roach x2  
  98  6:35  Roach  
  98  6:38  Queen  
  106  6:44  Overlord  
  106  6:51  Drone x4  
  106  6:52  Roach x3  
  112  7:02  Roach x3  
  112  7:04  Drone x4  
  120  7:10  Extractor  
  120  7:11  Infestation Pit  
  120  7:12  Extractor  
  117  7:17  Queen  
  117  7:18  Queen  
  120  7:23  Overlord x2  
  120  7:24  Drone x2  
  120  7:26  Drone x3  
  120  7:27  Drone  
  126  7:33  Overlord  
  126  7:35  Overlord  
  126  7:40  Drone  
  126  7:43  Hatchery  
  126  7:45  Overlord  
  126  7:46  Overlord  
  126  7:52  Roach x4  
  134  8:02  Swarm Host x5  
  135  8:06  Roach  
  135  8:17  Roach x3  
  135  8:18  Evolution Chamber  
  142  8:20  Roach  
  141  8:36  Swarm Host x5  
  156  8:41  Overlord, Swarm Host x6  
  156  8:46  Zerg Missile Weapons Level 1  
  156  8:47  Drone x2  
  176  8:49  Drone  
  176  8:52  Extractor  
  176  8:53  Overlord x2  
  176  8:56  Spine Crawler  
  176  8:58  Spine Crawler  
  183  9:07  Roach x2  
  178  9:16  Roach x8  
  194  9:20  Queen  
  190  9:25  Ravager x3  
  190  9:26  Zergling x2, Roach x4  
  192  9:41  Zergling x4, Roach x3  
  189  9:54  Zergling x8, Roach x3  
  189  9:56  Zergling x4  
  198  10:08  Ravager x3  
  198  10:11  Baneling Nest  
  195  10:21  Zergling x8  
  199  10:35  Roach x5  
  196  10:49  Roach x3  
  198  10:50  Roach x3  
  198  10:54  Zerg Missile Weapons Level 2  
  198  10:56  Centrifical Hooks  
  196  10:59  Zergling x12  
  200  11:04  Overseer  
  195  11:33  Roach x3  
  188  11:55  Roach x3  
  188  11:56  Roach x3  
  188  12:00  Roach x3  
  194  12:04  Spire  
  194  12:07  Roach x2  
  194  12:08  Roach x8  
  192  12:24  Ravager x2  
  192  12:25  Zergling x10  
  192  12:29  Ravager  
  198  12:30  Ravager  
  193  12:44  Roach x3  
  199  12:59  Hatchery  
Show
View Real Time Build Order
Export as new Build Order

Stats Protoss 

Build Orders: 1 Gate Expand, Oracle Opening, Archon Immortal, Zealot Archon, Archon Drop 

Get SALT Encoding   

  12  0:00  Probe  
  13  0:12  Probe  
  14  0:18  Pylon  
  14  0:25  Probe  
  15  0:33  Probe  
  15  0:41  Probe  
  16  0:45  Gateway  
  16  0:49  Assimilator  
  17  0:51  Probe  
  18  1:03  Probe  
  19  1:15  Probe  
  20  1:24  Nexus  
  20  1:39  Cybernetics Core, Probe  
  21  1:43  Assimilator  
  21  1:51  Probe  
  22  1:55  Pylon  
  22  2:04  Probe  
  22  2:07  Adept  
  23  2:16  Probe  
  23  2:19  Stargate  
  26  2:25  Adept  
  26  2:28  Probe  
  27  2:33  Probe  
  27  2:34  Warp Gate  
  29  2:42  Probe  
  29  2:44  Probe  
  32  2:51  Probe  
  32  2:56  Adept, Probe  
  32  2:57  Oracle  
  39  3:06  Probe  
  39  3:08  Probe  
  41  3:13  Pylon  
  41  3:18  Probe  
  42  3:20  Probe  
  42  3:22  Pylon  
  42  3:26  Oracle  
  43  3:31  Probe  
  43  3:32  Probe  
  45  3:34  Adept  
  48  3:44  Probe x2  
  48  3:57  Probe x2  
  48  3:59  Assimilator  
  50  4:02  Assimilator  
  50  4:04  Pylon  
  48  4:11  Pylon  
  46  4:17  Robotics Facility  
  46  4:18  Probe x2  
  47  4:31  Probe x2  
  47  4:37  Pylon  
  49  4:38  Adept  
  49  4:41  Phoenix  
  49  4:43  Probe x2  
  55  4:47  Twilight Council  
  55  4:52  Pylon  
  55  4:55  Warp Prism, Probe  
  55  4:56  Probe  
  57  5:01  Gateway  
  57  5:02  Gateway  
  59  5:07  Charge  
  59  5:14  Gateway  
  59  5:24  Templar Archives  
  59  5:29  Adept  
  59  5:34  Gateway  
  61  5:38  Gateway  
  61  5:44  Pylon  
  60  6:04  High Templar x3  
  62  6:06  Pylon  
  66  6:11  High Templar  
  66  6:12  Archon  
  66  6:15  Archon  
  68  6:21  Pylon  
  68  6:23  Pylon  
  68  6:24  Pylon  
  68  6:29  Nexus  
  68  6:31  Pylon  
  68  6:38  Probe x2  
  70  6:40  Immortal  
  74  6:49  Zealot x6  
  74  6:50  Probe x2  
  78  7:02  Probe x2  
  78  7:06  Immortal  
  70  7:09  Robotics Facility  
  70  7:13  Sentry x2  
  70  7:14  Zealot x2, Sentry  
  83  7:26  Probe x2  
  83  7:28  Zealot  
  87  7:35  Forge  
  87  7:44  Immortal, Probe x3  
  94  7:51  Immortal  
  94  7:52  Zealot x5  
  94  7:54  Zealot  
  104  8:01  Protoss Ground Weapons Level 1  
  104  8:05  Probe x3  
  104  8:17  Sentry x3  
  104  8:18  High Templar x2  
  104  8:19  Zealot  
  116  8:21  Pylon  
  116  8:22  Archon  
  116  8:26  Probe x3  
  119  8:27  Immortal, Assimilator  
  119  8:30  Assimilator, Immortal  
  127  8:50  Shield Battery  
  127  8:51  Photon Cannon  
  127  8:55  Pylon  
  127  9:02  Observer  
  127  9:07  Immortal  
  132  9:12  Psionic Storm  
  132  9:14  Zealot x3  
  138  9:19  Zealot  
  139  9:31  High Templar  
  139  9:35  Pylon  
  139  9:37  Pylon  
  139  9:38  Pylon  
  139  9:40  Pylon  
  123  9:46  High Templar  
  123  9:47  High Templar x2, Zealot x2  
  125  10:01  Immortal x2  
  125  10:02  Protoss Ground Weapons Level 2  
  133  10:10  Zealot x3  
  137  10:25  Zealot x3  
  133  10:39  Zealot x3  
  137  10:46  Archon x2  
  137  10:47  Zealot x2  
  137  10:49  Immortal  
  123  10:55  Zealot  
  117  11:00  High Templar x3  
  117  11:01  Immortal  
  117  11:02  Gateway  
  123  11:04  Gateway  
  123  11:07  Nexus  
  123  11:08  Pylon  
  123  11:14  High Templar x2  
  129  11:26  High Templar  
  129  11:28  Immortal  
  126  11:33  Zealot  
  112  11:52  Immortal  
  104  11:58  Archon x2  
  104  12:00  Immortal, Zealot x6  
  103  12:11  Probe x3  
  100  12:23  High Templar x5  
  100  12:24  Zealot  
  85  12:52  Zealot x3  
  89  12:58  Zealot x5  
  77  13:06  Archon  
Tags
 
Add a new tag
Caveats
  • Supply blocks, unpowered buildings, or Contaminate may cause inaccurate times.
  • Supply counts are checked every 10 seconds.